 Dungeon Crawl Stone Soup version 0.19.4-9-g45fd643 (webtiles) character file.

88 Gargoyl the Skirmisher (level 4, -5/40 HPs)
             Began as a Ghoul Abyssal Knight on Feb 20, 2017.
             Was a Believer of Lugonu.
             Slain by tschems's ghost (9 damage)
             ... on level 3 of the Dungeon.
             The game lasted 00:05:11 (1952 turns).

Gargoyl the Skirmisher (Ghoul Abyssal Knight)       Turns: 1952, Time: 00:05:11

Health: -5/40      AC: 11    Str: 12 (15) XL:     4   Next: 53%
Magic:  3/4        EV:  3    Int:  6 (7)  God:    Lugonu [**....]
Gold:   77         SH:  0    Dex:  7 (9)  Spells: 0 memorised, 3 levels left

rFire  . . .     SeeInvis +     a - +2 hand axe
rCold  + . .     Gourm    .     n - +0 plate armour
rNeg   + + +     Faith    .     (no shield)
rPois  ∞         Spirit   .     (no helmet)
rElec  .         Reflect  .     (no cloak)
rCorr  .         Harm     .     (no gloves)
MR     .....                    (no boots)
Stlth  ..........               (no amulet)
                                (no ring)
                                d - ring of see invisible

@: rotting
A: rotting body, claws 1, carnivore 3, cold resistance 1, negative energy
resistance 3, slow regeneration 1, torment resistance, unbreathing
a: Depart the Abyss, Bend Space, Renounce Religion


You were on level 3 of the Dungeon.
You worshipped Lugonu.
Lugonu was pleased with you.
You were not hungry.

You visited 1 branch of the dungeon, and saw 3 of its levels.
You visited the Abyss 1 time.

You collected 77 gold pieces.

Inventory:

Hand Weapons
 a - a +2 hand axe (weapon)
Armour
 n - a +0 plate armour (worn)
Jewellery
 d - a ring of see invisible (left claw)
Scrolls
 e - a scroll of amnesia
 i - 2 scrolls of teleportation
 m - a scroll of remove curse
Potions
 b - a potion of heal wounds
 h - a potion of haste {unknown}
Comestibles
 c - 4 meat rations
 g - a slice of pizza
 k - a royal jelly


   Skills:
 + Level 4.0 Fighting
 + Level 2.7 Axes
 * Level 2.6 Armour
 + Level 0.8 Dodging
 * Level 2.5 Invocations


You had 3 spell levels left.
You didn't know any spells.

Dungeon Overview and Level Annotations

Branches:
Dungeon (3/15)

Altars:
Yredelemnul
The Shining One

Annotations:
D:3 tschems's ghost, amateur HuFi


Innate Abilities, Weirdness & Mutations

Your body is rotting away.
You thrive on raw meat.
You are immune to poison.
You have sharp fingernails.
You are carnivorous and can eat meat at any time.
Your flesh is cold resistant. (rC+)
You are immune to negative energy. (rN+++)
You regenerate slowly when monsters are visible.
You are immune to unholy pain and torment.
You can survive without breathing.


Message History

Your plate armour prevents you from hitting the giant cockroach.
The giant cockroach bites you but does no damage. x2
Unknown command.
You slash the giant cockroach!
You kill the giant cockroach!
Lugonu accepts your kill.
You feel your dexterity returning.
You closely miss the giant cockroach. The giant cockroach bites you.
Unknown command.
You hit the giant cockroach.
The giant cockroach is almost dead.
Your plate armour prevents you from hitting tschems's ghost.
The giant cockroach bites you but does no damage.
Tschems's ghost hits you!
* * * LOW HITPOINT WARNING * * *
The giant cockroach bites you but does no damage.
Space bends around you!
You blink.
* * * LOW HITPOINT WARNING * * *
Tschems's ghost hits you!
You die...

................
.######.........
#.#.##...[
###.........
#.....##....
#.#.........
#s#.###....
#§#g###.#.#
#.W@....# #
###.##### #.#
#.# #.# #.# ...
#.!


You could see tschems's ghost and a goblin.

Vanquished Creatures
  An adder (D:2)
  An ooze (D:2)
  2 worms (D:2)
  A dart slug (D:1)
  3 leopard geckos
  7 bats
  6 giant cockroaches
  3 goblins
  10 hobgoblins
  6 jackals
  A quokka (D:3)
  2 ball pythons
  5 frilled lizards
  5 kobolds
  4 rats
57 creatures vanquished.

Vanquished Creatures (others)
  A lurking horror (Abyss:3)
1 creature vanquished.

Grand Total: 58 creatures vanquished

Notes
Turn   | Place    | Note
-------+----------+-------------------------------------------
     0 | Abyss:1  | Gargoyl the Ghoul Abyssal Knight began the quest for the Orb.
     0 | Abyss:1  | Reached XP level 1. HP: 19/19 MP: 1/1
    58 | Abyss:1  | Noticed an apocalypse crab
   131 | Abyss:3  | Noticed an insubstantial wisp
   148 | Abyss:3  | Noticed an insubstantial wisp
   149 | Abyss:3  | Noticed an insubstantial wisp
   150 | D:1      | Escaped the Abyss
   334 | D:1      | Reached XP level 2. HP: 26/26 MP: 2/2
   434 | D:1      | Reached * piety under Lugonu
   690 | D:1      | Reached XP level 3. HP: 30/33 MP: 3/3
   801 | D:1      | You fall through a shaft!
  1445 | D:2      | Reached ** piety under Lugonu
  1445 | D:2      | Reached XP level 4. HP: 39/40 MP: 4/4
  1548 | D:2      | Found a glowing golden altar of the Shining One.
  1676 | D:2      | Reached skill level 4 in Fighting
  1912 | D:3      | Noticed tschems's ghost (amateur HuFi)
  1926 | D:3      | Found a basalt altar of Yredelemnul.
  1952 | D:3      | Slain by tschems's ghost

Skill      XL: |  1  2  3  4 |
---------------+-------------+-----
Armour         | 2 |  2.6
Axes           | 2 |  2.7
Fighting       | 4 |  4.0
Dodging        | |  0.8
Invocations    | |  2.5

Action                   |  1- 3 |  4- 6 || total
-------------------------+-------+-------++-------
Melee: Hand axe          |   146 |    50 ||   196
Invok: Depart the Abyss  |     1 |       ||     1
       Bend Space        |       |     2 ||     2
  Use: Scroll            |     6 |     1 ||     7
       Potion            |       |     6 ||     6
  Eat: Chunk             |    10 |     2 ||    12
Armor: Leather armour    |     6 |       ||     6
       Scale mail        |    29 |       ||    29
       Plate armour      |    89 |    85 ||   174
Dodge: Dodged            |    44 |    26 ||    70
